 Dungeon Crawl Stone Soup version 0.30-a0-852-g08b95dd62f (webtiles) character file.

Game seed: 12029684552601750701

19 cforsyth the Digger (level 2, -1/15 HPs)
             Began as a Deep Elf Earth Elementalist on Mar 5, 2023.
             Slain by Terence
             ... wielding a +0 hand axe
              (7 damage)
             ... on level 2 of the Dungeon.
             The game lasted 00:01:28 (1077 turns).

cforsyth the Digger (Deep Elf Earth Elementalist)   Turns: 1077, Time: 00:01:29

Health: -1/15      AC:  3    Str:  5    XL:     2   Next: 55%
Magic:  4/8        EV: 13    Int: 19    God:
Gold:   51         SH:  0    Dex: 21    Spells: 7/8 levels left

rFire   . . .      SeeInvis .    (no weapon)
rCold   . . .      Faith    .    (no shield)
rNeg    . . .      Spirit   .    a - +1 robe
rPois   .          Reflect  +    (no helmet)
rElec   .          Rampage  .    (no cloak)
rCorr   .                        (no gloves)
Will    .....                    (no boots)
Stlth   +                        j - amulet of reflection
HPRegen 0.22/turn                i - +6 ring of dexterity
MPRegen 0.11/turn                (no ring)

@: confused, ambrosia-drunk
A: no striking features
a: no special abilities


You were on level 2 of the Dungeon.
You visited 1 branch of the dungeon, and saw 2 of its levels.

You collected 51 gold pieces.

Inventory:

Armour
 a - a +1 robe (worn)
Jewellery
 f - a ring of fire
 i - a +6 ring of dexterity (left hand)
 j - an amulet of reflection (around neck)
Scrolls
 e - 2 scrolls of immolation
Potions
 b - a potion of magic
 g - a potion of attraction {unknown}
 h - a potion of berserk rage {unknown}
 l - 2 potions of curing


   Skills:
 - Level 2.4 Dodging
 - Level 2.4 Stealth
 + Level 3.8 Spellcasting
 - Level 1.1 Transmutations
 + Level 3.8 Earth Magic


You had 7 spell levels left.
You knew the following spells:

 Your Spells              Type           Power      Damage    Failure   Level
a - Sandblast             Erth           36%        2d10      2%          1

Your spell library contained the following spells:

 Spells                   Type           Power      Damage    Failure   Level
 Passwall                 Tmut/Erth      10%        N/A       8%          2
 Stone Arrow              Conj/Erth      22%        3d8       19%         3
 Petrify                  Tmut/Erth      13%        N/A       45%         4


Dungeon Overview and Level Annotations

Branches:
Dungeon (2/15)

Altars:

Annotations:
D:2 Terence


Message History

Terence hits you with a +0 hand axe! Terence barely misses you.
The blast of sand hits Terence but does no damage.
Terence is severely wounded.
You block Terence's attack.
Casting: Sandblast (safe; 2% risk of failure)
Confirm with . or Enter, or press ? or * to list all spells.
Aiming: Sandblast (safe; 2% risk of failure)
Press: ? - help, Shift-Dir - straight line, f/p - Terence
Aim: Terence, wielding a +0 hand axe and wearing a +0 chain mail (severely wounded, 87% to hit)
The blast of sand hits Terence but does no damage.
Terence is severely wounded.
You block Terence's attack. Terence closely misses you.
Casting: Sandblast (safe; 2% risk of failure)
Confirm with . or Enter, or press ? or * to list all spells.
Okay, then.
Unknown command.
Terence attacks as you move away! Terence misses you.
Casting: Sandblast (safe; 2% risk of failure)
Confirm with . or Enter, or press ? or * to list all spells.
Aiming: Sandblast (safe; 2% risk of failure)
Press: ? - help, Shift-Dir - straight line, f/p - Terence
Aim: Terence, wielding a +0 hand axe and wearing a +0 chain mail (heavily wounded, 87% to hit)
The blast of sand hits Terence but does no damage.
Terence is heavily wounded.
Terence barely misses you.
As you read the scroll labelled HATHUT RUNGO, it crumbles to dust.
It is a scroll of identify.
l - 2 potions of curing Terence misses you.
As you read the scroll labelled WOMUMO KOEZU, it crumbles to dust.
It is a scroll of enchant armour.
Your +0 robe glows green for a moment.
Terence hits you with a +0 hand axe!
Ouch! That really hurt!
* * * LOW HITPOINT WARNING * * *
It was a potion of ambrosia.
You are confused.
You feel invigorated. Terence looks scornfully at you.
Terence hits you with a +0 hand axe!
You die...

#.# #.######
#......#
.##..###.# .....#
#.# #.##..###.# #
#.[.....########
................#
##...##########@#
##.## #@# # #.#
#######.##
.........#
#####....# #....#
.........
#.#.........#


You could see Terence.

Vanquished Creatures
  3 bats (D:1)
  2 endoplasms
  2 hobgoblins (D:1)
  3 jackals (D:1)
  A ball python (D:1)
  2 frilled lizards (D:1)
  6 rats
19 creatures vanquished.

Notes
Turn   | Place    | Note
-------+----------+-------------------------------------------
     0 | D:1      | cforsyth the Deep Elf Earth Elementalist began the quest
                  | for the Orb.
     0 | D:1      | Reached XP level 1. HP: 10/10 MP: 6/6
   117 | D:1      | Found a faded altar of an unknown god.
   292 | D:1      | Reached XP level 2. HP: 15/15 MP: 4/8
  1059 | D:2      | Noticed Terence
  1077 | D:2      | Slain by Terence

Illustrated notes

Levels and vault maps discovered:
D:1:      dpeg_arrival_more_subterranean_lakeside_camping, layout_basic,
          hellmonk_ecumenical_altar_blasted
D:2:      layout_loops_corners, uniq_terence

Action                     || total
---------------------------++-------
   Cast: Sandblast         ||    36
    Use: Scroll            ||     2
         Potion            ||     1
 Armour: Robe              ||     1
  Dodge: Dodged            ||    13
  Block: Other             ||     3

Table legend: (Time is in decaauts)
 A = Elapsed time spent in this place.
 B = Non-inter-level travel time spent in this place.
 C = Inter-level travel time spent in this place.
 D = Time resting spent in this place.
 E = Time spent auto-exploring this place.
 F = Levels seen in this place.
 G = Mean time per level.
                   A        B        C        D        E       F      G
               +--------+--------+--------+--------+--------+-----+--------+
         Total |   1095 |   1063 |     32 |      0 |    919 |   2 |  547.5 |
       Dungeon |   1095 |   1063 |     32 |      0 |    919 |   2 |  547.5 |
               +--------+--------+--------+--------+--------+-----+--------+

Top non-repeatable levels by time:
     D:1: 951 daAuts
     D:2: 144 daAuts
